 Dungeon Crawl Stone Soup version 0.28.0-47-ge53b351184 (webtiles) character file.

Game seed: 16798405411562980642

72 firemarshallily the Covered (level 4, -2/35 HPs)
             Began as a Demonspawn Fighter on Apr 27, 2022.
             Killed from afar by Natasha (7 damage)
             ... with a magic dart
             ... on level 2 of the Dungeon.
             The game lasted 00:06:45 (2010 turns).

firemarshallily the Covered (Demonspawn Fighter)    Turns: 2010, Time: 00:06:47

Health: -2/35      AC:  6    Str: 24    XL:     4   Next: 7%
Magic:  4/4        EV:  9    Int:  9    God:
Gold:   89         SH:  5    Dex: 13    Spells: 3/3 levels left

rFire   . . .      SeeInvis .   a - +0 war axe
rCold   . . .      Faith    .   c - +1 buckler
rNeg    . . .      Spirit   .   b - +0 scale mail
rPois   .          Reflect  .   (helmet restricted)
rElec   .          Harm     .   (no cloak)
rCorr   .          Rampage  .   (no gloves)
Will    .....                   (no boots)
Stlth   ..........              (no amulet)
HPRegen 0.11/turn               e - +6 ring of strength
MPRegen 0.09/turn               (no ring)

@: mighty, lethally poisoned (-2 -> -3), slowed, very slow
A: horns 1
a: no special abilities


You were on level 2 of the Dungeon.
You visited 1 branch of the dungeon, and saw 3 of its levels.

You collected 89 gold pieces.

Inventory:

Hand Weapons
 a - a +0 war axe (weapon)
Missiles
 h - a stone (quivered)
Armour
 b - a +0 scale mail (worn)
 c - a +1 buckler (worn)
 l - a +2 robe of cold resistance
Jewellery
 e - a +6 ring of strength (left hand)
Scrolls
 f - a scroll of torment {unknown}
 g - a scroll of enchant weapon
 j - 2 scrolls of teleportation {unknown}
 k - a scroll of fog {unknown}
Potions
 i - a potion of ambrosia {unknown}


   Skills:
 + Level 3.4 Fighting
 * Level 2.8 Axes
 * Level 3.5 Armour
 - Level 2.6 Shields


You had 3 spell levels left.
You didn't know any spells.
Your spell library contained the following spells:

 Spells                   Type           Power      Damage    Failure   Level
 Beastly Appendage        Tmut           0%         N/A       78%         1
 Wereblood                Tmut           0%         N/A       89%         2
 Spider Form              Tmut/Pois      0%         N/A       98%         3
 Stone Arrow              Conj/Erth      0%         3d7       98%         3
 Animate Armour           Summ/Erth      0%         N/A       100%        4
 Lehudib's Crystal Spear  Conj/Erth      0%         10d2      100%        8


Dungeon Overview and Level Annotations

Branches:
Dungeon (3/15)

Altars:

Annotations:
D:2 Natasha
D:3 Ijyb


Innate Abilities, Weirdness & Mutations

You have a pair of small horns on your head.


Message History

Ijyb zaps a wand.
You resist with some effort. Natasha claws you. The bat closely misses you.
The adder bites you.
You are poisoned.
The adder poisons you! The bat hits you but does no damage.
The adder bites you but does no damage.
Natasha casts a spell.
There is a stone staircase leading up here.
You feel sick. The bat completely misses you. The bat barely misses you.
The adder bites you.
Natasha casts a spell.
You block the adder's attack. Natasha claws you.
You climb upwards.
The crimson imp disappears in a puff of smoke!
You feel sick.
You are no longer poisoned.
There is a stone staircase leading down here.
You feel very mighty all of a sudden. The bat hits you but does no damage.
The adder bites you.
You are poisoned.
The adder poisons you! Natasha claws you. You block the adder's attack.
The bat barely misses you.
You barely miss the adder. You headbutt the adder!
The adder is almost dead.
You hit the bat.
You kill the bat!
You slash Natasha!
You feel very sick. You block the adder's attack.
Natasha claws you but does no damage. The adder bites you but does no damage.
Natasha claws you.
* * * LOW HITPOINT WARNING * * *
The adder barely misses you.
You closely miss Natasha.
Natasha is heavily wounded.
You slash the adder!
You kill the adder!
You feel sick. You block Natasha's attack.
Natasha stares at you and mumbles some strange words.
The magic dart hits you!
You die...

##########
#........#
#.####...########
#.##............#
#.##.......####.#
##.#...<....# #.#
#.........######.#
#@†.......# #....
#h######### #.###
#.# #.# # #.####
#######.### #....#
#.....#.... ####.#
#.....##### #.#
#.....## # #.#
#.>....# # #.#
#......####


You could see Natasha.

Vanquished Creatures
  2 adders (D:2)
  A worm (D:2)
  3 dart slugs (D:2)
  A ball python (D:1)
  6 bats
  7 endoplasms
  2 giant cockroaches (D:2)
  5 goblins
  4 hobgoblins (D:1)
  4 jackals (D:1)
  A quokka (D:2)
  5 frilled lizards
  4 kobolds
  5 rats
50 creatures vanquished.

Vanquished Creatures (others)
  3 plants (D:1)
3 creatures vanquished.

Grand Total: 53 creatures vanquished

Notes
Turn   | Place    | Note
-------+----------+-------------------------------------------
     0 | D:1      | firemarshallily the Demonspawn Fighter began the quest for
                  | the Orb.
     0 | D:1      | Reached XP level 1. HP: 18/18 MP: 1/1
   265 | D:1      | Gained mutation: You have a pair of small horns on your
                  | head. [demonic ancestry]
   265 | D:1      | Reached XP level 2. HP: 16/24 MP: 2/2
  1067 | D:2      | Reached XP level 3. HP: 29/29 MP: 3/3
  1830 | D:2      | Reached XP level 4. HP: 35/35 MP: 4/4
  2000 | D:3      | Noticed Natasha
  2003 | D:3      | Noticed Ijyb
  2010 | D:2      | Killed from afar by Natasha

Illustrated notes

Levels and vault maps discovered:
D:1:      dpeg_arrival_rooms_c, layout_rooms, serial_forest,
          infiniplex_forest_lined_room_2, infiniplex_forest_clump_small,
          infiniplex_forest_straight_2, infiniplex_forest_split,
          infiniplex_forest_pool, infiniplex_forest_clump_cross,
          infiniplex_forest_lined_3_way, infiniplex_forest_clump_medium,
          kennysheep_small_spiral, minmay_tromino_v7
D:2:      layout_loops_cross
D:3:      layout_basic, hellmonk_ecumenical_altar_dog_temple,
          guppyfry_early_orc_mine, uniq_ijyb, uniq_jessica,
          uniq_crazy_yiuf_cottage, uniq_natasha

Skill      XL: |  1  2 |
---------------+-------+-----
Axes           | 2 |  2.8
Armour         | 3 |  3.5
Fighting       | |  3.4
Shields        | |  2.6

Action                   |  1- 3 |  4- 6 || total
-------------------------+-------+-------++-------
Melee: War axe           |   135 |     3 ||   138
       Headbutt          |    21 |     2 ||    23
  Use: Scroll            |     3 |       ||     3
       Potion            |       |     1 ||     1
Armor: Scale mail        |    48 |     5 ||    53
Dodge: Dodged            |    39 |     5 ||    44
Block: Buckler           |    23 |     5 ||    28
